 Dungeon Crawl Stone Soup version 0.21-a0-91-ga5031da (webtiles) character file.

122458 Gorglomux the Slicer (level 16, -1/132 HPs)
             Began as a Vampire Gladiator on June 28, 2017.
             Was the Champion of Kikubaaqudgha.
             Slain by a dire flail of protection (23 damage)
             ... on level 1 of the Elven Halls.
             The game lasted 01:12:51 (32481 turns).

Gorglomux the Slicer (Vampire Gladiator)           Turns: 32481, Time: 01:12:52

Health: -1/132     AC: 17    Str: 18    XL:     16   Next: 34%
Magic:  22/22      EV: 21    Int: 13    God:    Kikubaaqudgha [******]
Gold:   1409       SH:  8    Dex: 15    Spells: 12/21 levels left

rFire    + . .     SeeInvis +   b - +2 rapier (drain)
rCold    . . .     Gourm    .   K - +3 buckler
rNeg     . . .     Faith    +   n - +3 troll leather armour
rPois    .         Spirit   .   c - +0 helmet
rElec    .         Reflect  .   y - scarf {cloud immunity}
rCorr    .         Harm     .   m - +2 pair of gloves
MR       +....                  C - +0 pair of boots
Stlth    +++++.....             w - amulet of faith
HPRegen  0.92/turn              L - +3 ring of protection
MPRegen  0.18/turn              f - ring of protection from fire

@: regenerating quickly
A: fangs 3, see invisible, unbreathing
a: Receive Corpses, Torment, Brand Weapon With Pain, Receive Necronomicon,
Renounce Religion


You were on level 1 of the Elven Halls.
You worshipped Kikubaaqudgha.
Kikubaaqudgha was exalted by your worship.
You were full.

You visited 5 branches of the dungeon, and saw 26 of its levels.
You also visited: Labyrinth and Bailey.

You collected 2618 gold pieces.
You spent 1209 gold pieces at shops.

Inventory:

Hand Weapons
 a - a +2 rapier of venom
 b - a +2 rapier of draining (weapon)
 h - a +2 dagger of protection
 p - a +4 scimitar of flaming
Missiles
 Z - 4 throwing nets (quivered)
Armour
 c - a +0 helmet (worn)
 m - a +2 pair of gloves (worn)
 n - a +3 troll leather armour (worn)
 y - a scarf of cloud immunity (worn)
 C - a +0 pair of boots (worn)
 K - a +3 buckler (worn)
Jewellery
 f - a ring of protection from fire (right hand)
 g - a +3 amulet of reflection {unknown}
 o - an uncursed ring of poison resistance
 w - an amulet of faith (around neck)
 L - a +3 ring of protection (left hand)
Wands
 A - a wand of acid (8/15)
 D - a wand of digging (6/24)
 E - a wand of enslavement (8/24)
 I - a wand of iceblast (7/15)
Scrolls
 i - 2 scrolls of fog
 B - 3 scrolls of blinking
 F - 9 scrolls of immolation
 M - 3 scrolls of magic mapping
 N - 6 scrolls of remove curse
 R - a scroll of enchant weapon
 T - 5 scrolls of teleportation
 U - 4 scrolls of recharging
Potions
 d - 5 potions of ambrosia
 j - a potion of invisibility {unknown}
 k - 2 potions of mutation
 l - 2 potions of lignification
 q - 7 potions of blood
 s - 2 potions of might
 t - a potion of cancellation
 u - 3 potions of heal wounds
 v - 3 potions of brilliance
 x - 2 potions of agility
 z - a potion of berserk rage
 H - 3 potions of haste
 O - 7 potions of resistance
 P - 4 potions of flight
 Q - 7 potions of curing
 S - a potion of magic {unknown}
Books
 e - a book of Battle

   Spells                             Type                      Level
   a - Infusion                       Charms                       1
   b - Shroud of Golubria             Charms/Translocation         2
   c - Song of Slaying                Charms                       2
   d - Spectral Weapon                Hexes/Charms                 3
   e - Regeneration                   Charms/Necromancy            3
 r - Kikubaaqudgha's Catalogue of Stolen Souls {god gift}
   (Kikubaaqudgha gifted it to you on level 8 of the Dungeon)

   Spells                             Type                      Level
   a - Pain                           Necromancy                   1
   b - Corpse Rot                     Necromancy                   2
   c - Sublimation of Blood           Necromancy                   2
   d - Vampiric Draining              Necromancy                   3
   e - Control Undead                 Necromancy                   4
 G - Kikubaaqudgha's Collected Works on Dark Arts {god gift}
   (Kikubaaqudgha gifted it to you on level 8 of the Dungeon)

   Spells                             Type                      Level
   a - Animate Dead                   Necromancy                   4
   b - Excruciating Wounds            Charms/Necromancy            5
   c - Agony                          Necromancy                   5
   d - Dispel Undead                  Necromancy                   5
   e - Death Channel                  Necromancy                   6
 J - a book of Frost

   Spells                             Type                      Level
   a - Freeze                         Ice                          1
   b - Throw Frost                    Conjuration/Ice              2
   c - Ozocubu's Armour               Charms/Ice                   3
   d - Throw Icicle                   Conjuration/Ice              4
   e - Summon Ice Beast               Ice/Summoning                4
Miscellaneous
 V - a phantom mirror
 W - a sack of spiders
 X - a phial of floods (inert)
 Y - a lamp of fire (inert)


   Skills:
 + Level 13.7 Fighting
 - Level 14.0(14.1) Short Blades
 - Level 3.0(9.1) Long Blades
 - Level 1.5 Throwing
 - Level 8.3 Armour
 + Level 13.7 Dodging
 - Level 12.0 Stealth
 - Level 5.0 Shields
 - Level 3.1 Spellcasting
 + Level 9.9 Necromancy
 - Level 8.0 Evocations


You had 12 spell levels left.
You knew the following spells:

 Your Spells              Type           Power        Failure   Level  Hunger
r - Corpse Rot            Necr           N/A          1%          2    ##.....
E - Animate Dead          Necr           N/A          4%          4    #####..
R - Regeneration          Chrm/Necr      ##........   10%         3    ###....


Dungeon Overview and Level Annotations

Branches:
Dungeon (15/15)            Temple (1/1) D:7            Lair (6/6) D:11
 Shoals (0/4) Lair:2        Snake (0/4) Lair:3        Slime (0/5) Lair:6
    Orc (2/2) D:11            Elf (2/3) Orc:2        Vaults (0/5) D:14
 Depths (0/5) D:15

Altars:
Ashenzari
Cheibriados
Dithmenos
Elyvilon
Fedhas
Gozag
Hepliaklqana
Kikubaaqudgha
Makhleb
Nemelex Xobeh
Okawaru
Qazlal
Ru
Sif Muna
Trog
Uskayaw
Vehumet
Wu Jian
Xom
Yredelemnul
Zin
The Shining One
Jiyva

Shops:
D:5 (   D:6 (   D:8 (   D:10 =   D:12 %   Orc:2 }**?   Elf:1 %


Innate Abilities, Weirdness & Mutations

Your natural rate of healing is unusually fast.
You have razor-sharp teeth.
You have supernaturally acute eyesight. (SInv)
You can survive without breathing.


Message History

Aiming: Corrosive Bolt
Press: ? - help, Shift-Dir - straight line, f/p - dire flail of draining
Aim: a dire flail of draining (severely damaged)
The bolt of acid hits the dire flail of draining.
The dire flail of draining is splashed with acid.
The acid corrodes the dire flail of draining!
The dire flail of draining falls from the air.
Kikubaaqudgha accepts your kill.
The bolt of acid misses the dire flail of protection.
This wand has 9 charges left.
The dire flail of protection hits you!
* * * LOW HITPOINT WARNING * * *
Unknown command.
Evoke which item? (* to show all) (? for menu, Esc to quit)
Aiming: Corrosive Bolt
Press: ? - help, Shift-Dir - straight line, f - dire flail of protection
Aim: a dire flail of protection (lightly damaged, covered in acid)
The bolt of acid misses the dire flail of protection.
This wand has 8 charges left.
The dire flail of protection hits you!!
You die...
Kikubaaqudgha rasps: "You have failed me!
Welcome... oblivion!"

#................##..#
#......#.........##..#
#.....##.........##..#
#....###.........##..#
###''# ######'#####..#
#..# #.# #..# #..# #.#
#..#
####..########.#####..##
.............>.(@......#
####...........#######.#
##########..# #.# #..#
#.# #..# #.# #..# #.#
#..# #.# #..# #.# ##..#
##.#


You could see a dire flail of protection.

Vanquished Creatures
  Rupert (D:13)
  Frances (D:12)
  An orc warlord (Orc:2)
  A stone giant (Orc:2)
  Nessos (Lair:5)
  Azrael (D:13)
  Snorg (Lair:3)
  Josephine (D:14)
  A minotaur (Lab)
  7 hydras
  An ice dragon (Lair:6)
  Erica (D:8)
  5 two-headed ogres
  3 centaur warriors
  5 dancing weapons (Elf:1)
  A queen ant (Lair:2)
  5 death yaks
  Urug (D:11)
  4 orc high priests (Orc:2)
  5 deep elf knights
  A fire crab (D:14)
  An unseen horror (shapeshifter) (D:15)
  An unseen horror (D:14)
  A glowing orange brain (D:15)
  A wolf spider (D:15)
  A lindwurm (Lair:3)
  26 deep elf magi
  5 orc knights
  2 cyclopes
  11 ugly things
  6 orc sorcerers
  3 manticores
  13 elephants
  3 merfolk sirens (Lair:2)
  2 black mambas
  2 torpor snails
  Joseph (D:7)
  A black mamba (shapeshifter) (Elf:1)
  3 orange demons (D:13)
  7 spiny frogs
  3 gargoyles
  5 rime drakes
  7 kobold demonologists
  7 komodo dragons
  A yaktaur (shapeshifter) (D:12)
  A freezing wraith (D:14)
  Prince Ribbit (D:6)
  A queen bee (D:9)
  A harpy skeleton (D:10)
  A merfolk (Lair:2)
  7 trolls
  4 polar bears
  5 hornets
  The ghost of p0werm0de the Insei, an amateur DsCK of Xom (D:6)
  12 blink frogs
  10 hippogriffs
  A dream sheep (Lair:6)
  A meliai zombie (D:15)
  11 slime creatures
  An air elemental (Elf:1)
  12 spriggans (Lair:6)
  A spriggan (shapeshifter) (D:14)
  A vampire (D:11)
  2 shadows
  2 wyverns
  2 redbacks (Lab)
  7 wraiths
  2 fire elementals (D:13)
  A water elemental (Elf:1)
  Eustachio (D:4)
  56 yaks
  16 humans
  3 hogs (D:7)
  3 basilisks
  4 vampire mosquitoes (D:14)
  2 wargs
  A warg (shapeshifter) (D:15)
  2 nagas (Lair:3)
  3 hell hounds (D:13)
  8 porcupines
  9 soldier ants (Lair:2)
  15 water moccasins
  A hornet zombie (D:13)
  27 orc warriors
  4 ice beasts
  An eye of draining (D:10)
  4 phantoms
  5 black bears
  2 necrophages
  4 sky beasts
  12 ogres
  4 boggarts (Lair:6)
  5 centaurs
  23 wolves
  7 crocodiles
  5 big kobolds
  19 bullfrogs
  A gnoll sergeant (D:8)
  An earth elemental (Elf:1)
  A wyvern zombie (D:10)
  10 scorpions
  34 killer bees
  8 wights
  4 howler monkeys
  An electric eel (D:11)
  8 crimson imps
  5 centaur zombies
  2 bullfrog zombies
  A jelly (shapeshifter) (D:15)
  8 jellies
  16 orc priests
  2 centaur skeletons
  10 hounds
  4 bullfrog skeletons
  12 iguanas
  25 orc wizards
  28 worker ants
  A killer bee zombie (D:7)
  A hound zombie (D:5)
  An ogre skeleton (Lab)
  A worker ant zombie (D:11)
  12 adders
  16 gnolls
  6 shadow imps
  2 white imps (Lair:6)
  An ooze (Lair:6)
  An adder zombie (D:5)
  4 worms
  2 adder skeletons
  A dart slug (D:4)
  8 leopard geckos
  62 orcs
  5 giant cockroaches
  12 goblins
  A hobgoblin (D:2)
  6 jackals
  4 quokkas
  A ball python (D:5)
  8 bats
  3 frilled lizards
  A jackal skeleton (D:7)
  16 kobolds
  2 leopard gecko skeletons (D:4)
  A quokka skeleton (D:5)
  4 rats
859 creatures vanquished.

Vanquished Creatures (collateral kills)
  A troll (Orc:1)
  A human (D:14)
  A hungry ghost (D:15)
  3 orcs
6 creatures vanquished.

Vanquished Creatures (others)
  An adder skeleton (D:8)
  An orc (D:4)
  A ball python (D:4)
  13 fungi
  2 plants (Lair:6)
18 creatures vanquished.

Grand Total: 883 creatures vanquished

Notes
Turn   | Place    | Note
-------+----------+-------------------------------------------
     0 | D:1      | Gorglomux the Vampire Gladiator began the quest for the Orb.
     0 | D:1      | Reached XP level 1. HP: 16/16 MP: 1/1
   140 | D:1      | Reached skill level 1 in Stealth
   670 | D:1      | Reached XP level 2. HP: 20/22 MP: 2/2
  1037 | D:2      | Reached skill level 3 in Stealth
  1165 | D:2      | Reached XP level 3. HP: 18/27 MP: 3/3
  1309 | D:2      | Reached XP level 4. HP: 33/34 MP: 4/4
  1481 | D:2      | Reached skill level 3 in Fighting
  1972 | D:3      | Reached XP level 5. HP: 39/41 MP: 5/5
  2038 | D:3      | Reached skill level 1 in Shields
  2132 | D:3      | Found a hide-covered altar of Uskayaw.
  2357 | D:4      | Found a shimmering altar of Xom.
  2357 | D:4      | Noticed an ogre
  2369 | D:3      | Killed an ogre
  2369 | D:3      | Reached XP level 6. HP: 46/48 MP: 6/6
  2608 | D:4      | Reached skill level 3 in Shields
  3017 | D:4      | Noticed Eustachio
  3028 | D:4      | Killed Eustachio
  3028 | D:4      | Reached XP level 7. HP: 48/56 MP: 7/7
  3101 | D:5      | Entered Level 5 of the Dungeon
  3103 | D:5      | Found Ewuewo's Weapon Shoppe.
  3479 | D:5      | Reached skill level 6 in Fighting
  3502 | D:5      | Found a hazy altar of Hepliaklqana.
  3502 | D:5      | Found a bloodstained altar of Trog.
  3506 | D:5      | Found a stormy altar of Qazlal.
  3506 | D:5      | Found a shimmering altar of Xom.
  3822 | D:5      | Reached XP level 8. HP: 51/65 MP: 8/8
  3912 | D:5      | Found a sparkling altar of Nemelex Xobeh.
  4190 | D:6      | Noticed p0werm0de's ghost (amateur DsCK)
  4221 | D:6      | Found Cuzaug Ifa's Weapon Shop.
  4365 | D:6      | Bought a +2 rapier of venom for 201 gold pieces
  4378 | D:6      | Noticed Prince Ribbit
  4420 | D:6      | Killed Prince Ribbit
  4553 | D:6      | Killed p0werm0de's ghost
  4553 | D:6      | Reached skill level 6 in Dodging
  4734 | D:7      | Reached XP level 9. HP: 74/74 MP: 9/9
  4740 | D:7      | Noticed Joseph
  4759 | D:7      | Killed Joseph
  4891 | D:7      | Reached skill level 1 in Short Blades
  4891 | D:7      | Reached skill level 1 in Armour
  4979 | D:7      | Found a staircase to the Ecumenical Temple.
  4992 | Temple   | Entered the Ecumenical Temple
  5169 | Temple   | Became a worshipper of Kikubaaqudgha
  5419 | D:7      | Reached skill level 2 in Short Blades
  5554 | D:7      | Reached skill level 3 in Short Blades
  5621 | D:7      | Reached skill level 4 in Short Blades
  5621 | D:7      | Reached skill level 3 in Armour
  5990 | D:8      | Noticed a two-headed ogre
  6027 | D:8      | Killed a two-headed ogre
  6027 | D:8      | Reached * piety under Kikubaaqudgha
  6027 | D:8      | Identified Kikubaaqudgha's Catalogue of Stolen Souls {god gift} (Kikubaaqudgha gifted it to you on level 8 of the Dungeon)
  6027 | D:8      | Received a gift from Kikubaaqudgha
  6027 | D:8      | Reached skill level 5 in Short Blades
  6027 | D:8      | Reached XP level 10. HP: 67/80 MP: 10/10
  6108 | D:8      | Found Bourazea's Antique Weapon Shoppe.
  6179 | D:8      | Reached skill level 6 in Short Blades
  6294 | D:8      | Noticed Erica
  6310 | D:8      | Killed Erica
  6567 | D:8      | Reached skill level 7 in Short Blades
  6799 | D:8      | Reached ** piety under Kikubaaqudgha
  6922 | D:8      | Reached skill level 6 in Armour
  6936 | D:8      | Reached skill level 8 in Short Blades
  7074 | D:9      | Noticed a two-headed ogre
  7107 | D:8      | Killed a two-headed ogre
  7747 | D:9      | Reached XP level 11. HP: 55/86 MP: 11/11
  7898 | D:8      | Reached *** piety under Kikubaaqudgha
  7898 | D:8      | Identified Kikubaaqudgha's Collected Works on Dark Arts {god gift} (Kikubaaqudgha gifted it to you on level 8 of the Dungeon)
  7898 | D:8      | Received a gift from Kikubaaqudgha
  7905 | D:8      | Reached skill level 9 in Short Blades
  8077 | D:9      | Reached skill level 1 in Evocations
  8267 | D:9      | HP: 4/86 [poisoned by a killer bee]
  8685 | D:10     | Entered Level 10 of the Dungeon
  8864 | D:10     | Reached skill level 3 in Evocations
  9113 | D:10     | Noticed a two-headed ogre
  9136 | D:10     | Killed a two-headed ogre
  9136 | D:10     | Reached skill level 10 in Short Blades
  9170 | D:10     | Reached **** piety under Kikubaaqudgha
  9376 | D:10     | Found Ciaqarodd's Jewellery Shoppe.
 10067 | D:10     | Noticed a two-headed ogre
 10079 | D:10     | Killed a two-headed ogre
 10180 | D:11     | Found a staircase to the Orcish Mines.
 10231 | D:11     | Found a flagged portal.
 10255 | Bailey   | Entered a bailey
 10265 | D:11     | Noticed Urug
 10296 | D:11     | Killed Urug
 10296 | D:11     | Reached skill level 11 in Short Blades
 10520 | D:11     | Found a staircase to the Lair.
 10714 | D:11     | Reached skill level 6 in Evocations
 11045 | D:12     | Reached ***** piety under Kikubaaqudgha
 11365 | D:12     | Found Tagg's Food Boutique.
 11479 | D:12     | Noticed a cyan ugly thing
 11521 | D:12     | Killed a cyan ugly thing
 11521 | D:12     | Reached XP level 12. HP: 60/93 MP: 16/16
 11731 | Lair:1   | Entered Level 1 of the Lair of Beasts
 12042 | Lair:1   | Reached skill level 12 in Short Blades
 12060 | Lair:1   | Noticed a six-headed hydra
 12069 | Lair:1   | Killed a one-headed hydra
 12794 | Lair:2   | Noticed a queen ant
 12819 | Lair:2   | Killed a queen ant
 13066 | Lair:2   | Reached skill level 6 in Stealth
 13068 | Lair:2   | Found a staircase to the Shoals.
 13108 | Lair:2   | Reached skill level 13 in Short Blades
 13970 | Lair:3   | Reached skill level 9 in Stealth
 14184 | Lair:3   | Reached ****** piety under Kikubaaqudgha
 14281 | Lair:3   | Found a staircase to the Snake Pit.
 14336 | Lair:3   | Noticed Snorg
 14350 | Lair:3   | HP: 4/93 [Snorg (4)]
 14627 | Lair:3   | Killed Snorg
 14627 | Lair:3   | Reached XP level 13. HP: 79/98 MP: 19/19
 15160 | Lair:3   | Reached skill level 14 in Short Blades
 15830 | Lair:4   | Reached skill level 9 in Fighting
 17356 | Lair:5   | Noticed Nessos
 17360 | Lair:5   | Killed Nessos
 18087 | Lair:6   | Entered Level 6 of the Lair of Beasts
 18180 | Lair:6   | Reached XP level 14. HP: 63/111 MP: 20/20
 18399 | Lair:6   | Paralysed by a hornet for 1 turns
 18410 | Lair:6   | Reached skill level 9 in Dodging
 20272 | Lair:6   | Found a runed door.
 20275 | Lair:6   | Found a viscous altar of Jiyva.
 20280 | Lair:6   | Found a staircase to the Slime Pits.
 20995 | D:12     | Noticed Frances
 21217 | D:12     | Killed Frances
 21217 | D:12     | Reached skill level 1 in Spellcasting
 21217 | D:12     | Reached skill level 1 in Necromancy
 21532 | D:13     | Noticed Rupert
 21573 | D:13     | Killed Rupert
 21837 | D:13     | Reached skill level 3 in Necromancy
 22239 | D:13     | Reached skill level 12 in Fighting
 22239 | D:13     | Reached skill level 3 in Spellcasting
 22355 | D:13     | Noticed Azrael
 22411 | D:13     | Learned a level 2 spell: Corpse Rot
 22487 | D:13     | Killed Azrael
 22947 | D:14     | Found a burning altar of Makhleb.
 23119 | D:14     | Reached XP level 15. HP: 34/121 MP: 18/21
 23130 | D:14     | Found a gate to the Vaults.
 23457 | D:14     | Learned a level 4 spell: Animate Dead
 23783 | D:14     | Noticed Josephine
 23786 | D:14     | Reached skill level 6 in Necromancy
 23809 | D:14     | Killed Josephine
 23811 | D:14     | Reached skill level 12 in Dodging
 23910 | D:14     | Learned a level 3 spell: Regeneration
 24489 | D:15     | Entered Level 15 of the Dungeon
 24820 | D:15     | Reached skill level 12 in Stealth
 25311 | D:15     | HP: 1/122 [troll (9)]
 25645 | D:15     | Found a staircase to the Depths.
 25798 | Orc:1    | Entered Level 1 of the Orcish Mines
 26269 | Orc:2    | Entered Level 2 of the Orcish Mines
 26376 | Orc:2    | Found a labyrinth entrance.
 26466 | Lab      | Entered a labyrinth
 28487 | Lab      | Got a glittering steel ring
 28488 | Lab      | Got a crystal eveningstar {drain}
 28490 | Lab      | Identified the +2 eveningstar "Sajit" {drain, rF+ rC+} (You took it off a minotaur in a labyrinth)
 28494 | Lab      | Identified the ring "Goreleel" {rPois Str+6 Int-4 Stlth-} (You took it off a minotaur in a labyrinth)
 28832 | Orc:2    | Found a staircase to the Elven Halls.
 29198 | Orc:2    | Noticed an orc warlord
 29651 | Orc:2    | Killed an orc warlord
 29822 | Orc:2    | Found Juaps's Gadget Boutique.
 29849 | Orc:2    | HP: 1/123 [orc sorcerer/bolt of negative energy (28)]
 30118 | Orc:2    | Paralysed by an orc sorcerer for 3 turns
 30333 | Orc:2    | Paralysed by an orc sorcerer for 7 turns
 30578 | Orc:2    | Found Ykuhor's General Store.
 30586 | Orc:2    | Found Gitediy's General Store.
 30599 | Orc:2    | Bought a phial of floods for 400 gold pieces
 30615 | Orc:2    | Found Aggei's Magic Scroll Boutique.
 30621 | Orc:2    | Bought a scroll of identify for 34 gold pieces
 30623 | Orc:2    | Bought a scroll of recharging for 133 gold pieces
 30623 | Orc:2    | Bought a scroll of enchant armour for 105 gold pieces
 30623 | Orc:2    | Bought 2 scrolls of fog for 56 gold pieces
 30623 | Orc:2    | Bought a scroll of identify for 28 gold pieces
 30623 | Orc:2    | Bought a scroll of blinking for 105 gold pieces
 30623 | Orc:2    | Bought a scroll of enchant weapon for 105 gold pieces
 30623 | Orc:2    | Bought a scroll of teleportation for 42 gold pieces
 30741 | Elf:1    | Entered Level 1 of the Elven Halls
 30761 | Elf:1    | Reached XP level 16. HP: 131/131 MP: 22/22
 30768 | Elf:1    | Found a radiant altar of Vehumet.
 30874 | Elf:1    | Reached skill level 9 in Necromancy
 31164 | Elf:1    | Found Ythytiaf's Food Emporium.
 32481 | Elf:1    | Slain by a dire flail of protection

Vault maps used:
D:1:      minmay_arrival_three_doors
D:2:      first_bread
D:3:      lemuel_doored_altar
D:4:      xom_confusion_cloud, uniq_eustachio
D:5:      minmay_diamond_boxcup, nicolae_overflow_crystal_walls,
          grunt_temple_overflow_open, serial_curves, eino_curves_01,
          eino_curves_02, serial_shops, shop
D:6:      serial_shops, nicolae_shop_temple_entry_statues_fountains,
          uniq_prince_ribbit1
D:7:      minmay_temple_entry_butterflies, grunt_ministairs_14, grunt_livestock,
          serial_park_tiny_pond, hex_medium, uniq_joseph
D:8:      serial_shops, shop_statue, uniq_erica
D:9:      special_room
D:10:     serial_shops, shop
D:11:     grunt_lair_entry_orc_guard_hut, orc_0_dummy, enter_bailey_2,
          kennysheep_generic_room_16, uniq_urug
D:12:     serial_shops, shop_statue, hangedman_decor_peaks_small, uniq_frances
D:13:     einodemon_barbed_minivault, uniq_azrael, uniq_rupert
D:14:     david_vaults_3, basic_altar, roderic_serpentine_path, uniq_josephine
D:15:     gammafunk_enter_depths_forms, minmay_door_square
Temple:   eino_temple_scatter_basement
Lair:2:   elwin_shoals_entry_stream, minmay_another_anthill
Lair:3:   guppyfry_snake_entry_garden, hangedman_lair_generics_rect,
          grunt_megastairs_5, uniq_snorg
Lair:4:   infiniplex_staircase_pool_2
Lair:5:   beast_lair_carwin_large_3, serial_bayou_lagoon_b, uniq_nessos
Lair:6:   minmay_lair_end_enchanted_forest, slime_altar_2,
          bobbens_ice_dragon_lair
Orc:2:    st_orc_elflike, lab_entry_generic
Elf:1:    eino_elf_arrival_altar, serial_shops, nicolae_shop_trees,
          minmay_elf_crystal_hexagon
Elf:2:    serial_shops, shop, minmay_shoptagon, uniq_aizul, uniq_jorgrun
Lab:      labyrinth_mini_lab, nicolae_lab_hexagon, nicolae_lab_statue,
          nicolae_lab_t_cross, labyrinth_glass_1, nicolae_lab_swirl,
          lab_fountain, nicolae_lab_very_dead_end, labyrinth_skeletal_remains,
          nicolae_lab_starburst, nicolae_lab_grate, nicolae_lab_big_swirl,
          nicolae_lab_lava
Bailey:   bailey_polearm_flooded_kennysheep, bailey

Skill      XL: |  1  2  3  4  5  6  7  8  9 10 11 12 13 14 15 16 |
---------------+-------------------------------------------------+-----
Stealth        | 2 4 5 10 11 12 | 12.0
Fighting       | 2 3 4 5 6 7 8 10 12 13 | 13.7
Shields        | 2 3 5 |  5.0
Dodging        | 6 7 8 11 13 | 13.7
Short Blades   | 5 8 11 13 14 | 14.0
Armour         | 4 7 8 |  8.3
Evocations     | 6 8 |  8.0
Spellcasting   | 3 |  3.1
Necromancy     | 4 8 9 |  9.9
Long Blades    | |  3.0
Throwing       | |  1.5

Action                   |  1- 3 |  4- 6 |  7- 9 | 10-12 | 13-15 | 16-18 || total
-------------------------+-------+-------+-------+-------+-------+-------++-------
Melee: Long sword        |    76 |   163 |    27 |       |       |       ||   266
       Bite              |     9 |    33 |    39 |   173 |   414 |    29 ||   697
       Rapier            |       |       |   299 |  1222 |  2827 |   264 ||  4612
       Scimitar          |       |       |       |     6 |    27 |       ||    33
       Unarmed           |       |       |       |       |     1 |       ||     1
 Cast: Corpse Rot        |       |       |       |       |    10 |       ||    10
       Animate Dead      |       |       |       |       |    15 |     3 ||    18
       Regeneration      |       |       |       |       |     1 |     1 ||     2
 Abil: End Transformatio |       |       |       |       |     2 |       ||     2
       Bat Form          |       |       |       |       |     2 |       ||     2
Evoke: Wand              |       |       |       |    19 |    11 |     6 ||    36
       Lamp of fire      |       |       |       |       |       |     1 ||     1
       Phial of floods   |       |       |       |       |       |     1 ||     1
  Use: Potion            |     8 |     5 |    18 |    45 |    76 |    11 ||   163
       Scroll            |       |     5 |     4 |     9 |    25 |     2 ||    45
 Stab: Sleeping          |     2 |     4 |     8 |     4 |    38 |     4 ||    60
       Distracted        |       |       |     3 |     4 |     7 |       ||    14
  Eat: Corpse            |       |       |       |       |     1 |       ||     1
Armor: Leather armour    |    24 |    72 |    66 |   177 |       |       ||   339
       Chain mail        |       |       |       |   176 |   422 |       ||   598
       Scale mail        |       |       |       |       |    79 |       ||    79
       Troll leather arm |       |       |       |       |   161 |    65 ||   226
Dodge: Dodged            |    62 |   124 |   176 |   690 |  1169 |   120 ||  2341
Block: Buckler           |       |    50 |   106 |   415 |   766 |    69 ||  1406
       Rpst.: Long sword |    11 |    42 |     5 |       |       |       ||    58
       Scimitar          |       |       |       |     2 |     2 |       ||     4
